 Dungeon Sprint DCSS version 0.23-a0-147-g7935be9 (webtiles) character file.

6573 Fang the Severer (level 11, -3/70 HPs)
             Began as a Gargoyle Berserker on Sept 6, 2018.
             Was a High Priest of Trog.
             Slain by a death knight
             ... wielding a +1 halberd
              (21 damage)
             ... in the Dungeon (Sprint VII: "The Pits").
             The game lasted 00:08:33 (2373 turns).

Fang the Severer (Gargoyle Berserker)               Turns: 2373, Time: 00:08:33

Health: -3/70      AC: 10    Str: 23    XL:     11   Next: 1%
Magic:  11/11      EV: 19    Int: 10    God:    Trog [*****.]
Gold:   0          SH:  0    Dex:  9    Spells: 10/10 levels left

rFire    . . .     SeeInvis .   s - +1 broad axe (freeze)
rCold    . . .     Gourm    .   (no shield)
rNeg     + . .     Faith    .   b - +0 animal skin
rPois    ∞         Spirit   .   (no helmet)
rElec    +         Reflect  .   (no cloak)
rCorr    .         Harm     .   (no gloves)
MR       .....     NoTele   +   (no boots)
Stlth    +++.......             (no amulet)
HPRegen  0.21/turn              j - +3 ring of evasion
MPRegen  0.12/turn              r - +3 ring of intelligence

@: no status effects
A: frail 1, negative energy resistance 1, electricity resistance, weak 1,
unbreathing, petrification resistance, rot immunity, AC +8
a: Berserk, Trog's Hand, Brothers in Arms, Renounce Religion


You were in the Dungeon.
You worshipped Trog.
Trog was extremely pleased with you.
You were very hungry.

You visited 1 branch

Inventory:

Hand Weapons
 m - a +2 executioner's axe of flaming
 o - a +4 war axe of chopping
 s - a +1 broad axe of freezing (weapon)
Armour
 b - a +0 animal skin (worn)
Jewellery
 j - a +3 ring of evasion (left hand)
 r - a +3 ring of intelligence (right hand)
Scrolls
 i - a scroll of blinking
 k - 3 scrolls of remove curse
 l - a scroll of summoning
Potions
 a - 2 potions of invisibility
 d - 6 potions of curing
 e - 9 potions of heal wounds
 f - 2 potions of haste
 g - 4 potions of magic
 h - 3 potions of berserk rage
 p - 3 potions of brilliance
 q - a potion of might
Comestibles
 c - 7 rations
 n - 2 chunks of flesh


   Skills:
 + Level 13.5 Fighting
 + Level 15.7 Axes
 + Level 6.2 Armour
 + Level 10.2 Dodging
 + Level 8.0 Stealth


You had 10 spell levels left.
You didn't know any spells.
Your spell library was empty.

Dungeon Overview and Level Annotations

Branches:
Dungeon (1/1)

Altars:
Cheibriados
Dithmenos
Elyvilon
Fedhas
Gozag
Hepliaklqana
Makhleb
Nemelex Xobeh
Okawaru
Qazlal
Ru
Sif Muna
Trog
Vehumet
Wu Jian
Xom
Yredelemnul
Zin
The Shining One
Beogh
Jiyva
Lugonu


Innate Abilities, Weirdness & Mutations

You are resistant to torment.
Your stone body is resilient. (AC +8)
You are immune to poison.
You resist negative energy. (rN+)
You are resistant to electric shocks. (rElec)
You can survive without breathing.
You are immune to petrification.
You are immune to rotting.
You are frail. (-10% HP)
You are weak. (Str -2)


Message History

The blink frog is severely wounded.
The blink frog is no longer moving slowly.
The death knight completely misses you.
Unknown command.
You hit the blink frog.
The blink frog seems to slow down.
You freeze the blink frog.
The blink frog is severely wounded.
The blink frog completely misses you.
Unknown command.
You slice the blink frog!! You freeze the blink frog.
You kill the blink frog!
Trog accepts your kill.
You have reached level 11!
The death knight hits you from afar with an enchanted halberd!!
You slice the sea snake!! You freeze the sea snake!
The sea snake is heavily wounded.
The sea snake bites you!
* * * LOW HITPOINT WARNING * * *
The death knight hits you from afar with an enchanted halberd!!
You die...

''###### ''##### ########### ##
......# #.........# ..+ ......#
##..)....## #.## #....##
####.).######## ##...## ##''##
###..'..('.F##..##.......
#....###....##'##.....##........
......#))..##.÷.##....#†........
......'[)..'..).@Sp...'†........
...)..#.)..##...##O...#.........
#.)..###....##'##.....##........
##''## ###..'...'..##..##.......
#....# ####...######## ##...##
......# #.......# #.## ......#
#.........# ..+ #######
########### ##


You could see a death knight, a sea snake and a two-headed ogre.

Vanquished Creatures
  A deep elf mage (D)
  A black mamba (D)
  A spiny frog (D)
  2 freezing wraiths (D)
  A hellwing (D)
  A tyrant leech (D)
  2 blink frogs (D)
  A flying skull (D)
  A fire bat (D)
  A tarantella (D)
  A steam dragon (D)
  A floating eye (D)
  A necrophage (D)
  A centaur (D)
  Blork the orc (D)
  A gnoll sergeant (D)
  Terence (D)
  2 adders (D)
  3 gnolls (D)
  A white imp (D)
  An ufetubus (D)
  A worm (D)
  3 orcs (D)
  A bat skeleton (D)
  A hobgoblin (D)
  A quokka (D)
  A bat (D)
  2 kobolds (D)
  A quokka zombie (D)
  A rat (D)
38 creatures vanquished.

Vanquished Creatures (collateral kills)
  A hydra (D)
  A two-headed ogre (D)
  A death yak (D)
  A phantasmal warrior (D)
  A smoke demon (D)
  An orange demon (D)
  A spiny frog (D)
  An efreet (D)
  A demonic crawler (D)
  A hornet (D)
  2 blink frogs (D)
  A flying skull (D)
  A vampire (D)
  A redback (D)
  6 yaks (D)
  A neqoxec (D)
  A hungry ghost (D)
  A porcupine (D)
  An ice beast (D)
  A gnoll sergeant (D)
  A crimson imp (D)
  A hound (D)
  An orc wizard (D)
  A worker ant (D)
  An adder (D)
  5 gnolls (D)
  A white imp (D)
  An ufetubus (D)
38 creatures vanquished.

Vanquished Creatures (others)
  An Ice Fiend (D)
  A deep elf master archer (D)
  An angel (D)
  An emperor scorpion (D)
  A green draconian (D)
5 creatures vanquished.

Grand Total: 81 creatures vanquished

Notes
Turn   | Place    | Note
-------+----------+-------------------------------------------
     0 | D        | Fang the Gargoyle Berserker began the quest for the Orb.
     0 | D        | Reached XP level 1. HP: 14/14 MP: 1/1
     8 | D        | Killed a deep elf master archer
    12 | D        | Killed a green draconian
    16 | D        | Reached skill level 3 in Axes
    18 | D        | Killed an emperor scorpion
    18 | D        | Killed an angel
    21 | D        | Found a bloodstained altar of Trog.
    21 | D        | Found a deep blue altar of Sif Muna.
    21 | D        | Found a viscous altar of Jiyva.
    21 | D        | Found a hazy altar of Hepliaklqana.
    21 | D        | Found an opulent altar of Gozag.
    22 | D        | Found a glowing golden altar of the Shining One.
    22 | D        | Found a glowing silver altar of Zin.
    22 | D        | Found a basalt altar of Yredelemnul.
    22 | D        | Found a shimmering altar of Xom.
    22 | D        | Found an ornate altar of the Wu Jian Council.
    22 | D        | Found a sacrificial altar of Ru.
    22 | D        | Found a stormy altar of Qazlal.
    22 | D        | Found an iron altar of Okawaru.
    22 | D        | Found a sparkling altar of Nemelex Xobeh.
    22 | D        | Found a burning altar of Makhleb.
    22 | D        | Found a blossoming altar of Fedhas.
    22 | D        | Found a white marble altar of Elyvilon.
    22 | D        | Found a shadowy altar of Dithmenos.
    22 | D        | Found a snail-covered altar of Cheibriados.
    24 | D        | Found a radiant altar of Vehumet.
    24 | D        | Found a corrupted altar of Lugonu.
    24 | D        | Found a roughly hewn altar of Beogh.
    27 | D        | Killed an Ice Fiend
    81 | D        | Reached ** piety under Trog
   135 | D        | Noticed Terence
   135 | D        | Noticed a floating eye
   140 | D        | Killed a floating eye
   140 | D        | Reached skill level 6 in Axes
   140 | D        | Reached XP level 2. HP: 22/23 MP: 2/2
   140 | D        | Reached XP level 3. HP: 27/28 MP: 3/3
   140 | D        | Reached XP level 4. HP: 31/32 MP: 4/4
   143 | D        | Killed Terence
   143 | D        | Reached XP level 5. HP: 22/37 MP: 5/5
   145 | D        | Reached *** piety under Trog
   382 | D        | Noticed Blork the orc
   397 | D        | Killed Blork the orc
   397 | D        | Reached **** piety under Trog
   397 | D        | Reached skill level 7 in Axes
   397 | D        | Reached skill level 1 in Stealth
   404 | D        | Reached ***** piety under Trog
   418 | D        | Received a gift from Trog
   418 | D        | Reached XP level 6. HP: 10/44 MP: 6/6
   419 | D        | Reached skill level 8 in Axes
   687 | D        | Noticed a tyrant leech
   700 | D        | Killed a tyrant leech
   700 | D        | Reached skill level 9 in Axes
   700 | D        | Reached skill level 5 in Armour
   700 | D        | Reached skill level 5 in Dodging
   700 | D        | Reached XP level 7. HP: 21/51 MP: 7/7
   913 | D        | Received a gift from Trog
   937 | D        | Noticed a hungry ghost
   937 | D        | Noticed a redback
   937 | D        | Noticed a death yak
   941 | D        | Killed a hungry ghost
   941 | D        | Reached skill level 10 in Axes
   944 | D        | Killed a death yak
   944 | D        | Reached skill level 10 in Fighting
   944 | D        | Reached XP level 8. HP: 57/57 MP: 8/8
   945 | D        | Killed a redback
  1047 | D        | Noticed a flying skull
  1047 | D        | Noticed a smoke demon
  1054 | D        | Killed a smoke demon
  1054 | D        | Reached skill level 11 in Axes
  1055 | D        | Killed a flying skull
  1055 | D        | Reached skill level 5 in Stealth
  1059 | D        | Gained mutation: You are weak. (Str -2) [a neqoxec]
  1060 | D        | Gained mutation: You are frail. (-10% HP) [a neqoxec]
  1320 | D        | Noticed a deep elf mage
  1320 | D        | Noticed a two-headed ogre
  1323 | D        | Noticed a jumping spider
  1323 | D        | Noticed a redback
  1331 | D        | Killed a deep elf mage
  1331 | D        | Reached XP level 9. HP: 42/57 MP: 9/9
  1335 | D        | Killed a two-headed ogre
  1335 | D        | Reached skill level 12 in Axes
  1605 | D        | Noticed a hellwing
  1616 | D        | Killed a hellwing
  1947 | D        | Noticed a spiny frog
  1950 | D        | Noticed a freezing wraith
  1956 | D        | Killed a spiny frog
  1956 | D        | Reached skill level 13 in Axes
  1964 | D        | Killed a freezing wraith
  1964 | D        | Reached XP level 10. HP: 32/63 MP: 10/10
  2151 | D        | Noticed an orange demon
  2151 | D        | Noticed a five-headed hydra
  2156 | D        | Killed an eight-headed hydra
  2157 | D        | Killed an orange demon
  2157 | D        | Received a gift from Trog
  2157 | D        | Reached skill level 14 in Axes
  2175 | D        | Noticed a black mamba
  2182 | D        | Killed a black mamba
  2242 | D        | Received a gift from Trog
  2249 | D        | Reached ****** piety under Trog
  2249 | D        | Reached skill level 15 in Axes
  2273 | D        | Noticed a spiny frog
  2281 | D        | Noticed a phantasmal warrior
  2287 | D        | Killed a spiny frog
  2288 | D        | Received a gift from Trog
  2297 | D        | Killed a phantasmal warrior
  2297 | D        | Reached skill level 10 in Dodging
  2349 | D        | Noticed a two-headed ogre
  2350 | D        | Noticed a sea snake
  2351 | D        | Noticed a death knight
  2372 | D        | Reached XP level 11. HP: 56/70 MP: 11/11
  2373 | D        | Slain by a death knight

Vault maps used:
D:        pitsprint

Skill      XL: |  1  2  3  4  5  6  7  8  9 10 |
---------------+-------------------------------+-----
Axes           | 6 7 9 10 11 13 15 | 15.7
Fighting       | 6 8 9 10 11 12 13 | 13.5
Armour         | 3 4 5 6 |  6.2
Dodging        | 3 4 5 6 7 8 10 | 10.2
Stealth        | 1 2 4 5 7 8 |  8.0

Action                   |  1- 3 |  4- 6 |  7- 9 | 10-12 || total
-------------------------+-------+-------+-------+-------++-------
Melee: Hand axe          |    23 |    46 |    11 |       ||    80
       War axe           |       |       |    37 |     6 ||    43
       Broad axe         |       |       |       |    10 ||    10
Invok: Berserk           |     1 |     2 |     2 |     1 ||     6
       Brothers in Arms  |       |     1 |     4 |     6 ||    11
  Use: Potion            |       |       |       |     1 ||     1
 Stab: Sleeping          |       |       |     1 |       ||     1
  Eat: Chunk             |       |     2 |     3 |     1 ||     6
       Ration            |       |       |     1 |     1 ||     2
Armor: Animal skin       |     6 |    15 |    17 |    12 ||    50
Dodge: Dodged            |    21 |    23 |    67 |    28 ||   139

Table legend:
 A = Non-vault XP
 B = Vault XP
 C = Vault XP percentage of total XP
 D = Non-vault monster count
 E = Vault monster count
 F = Vault count percentage of total count
                 A         B        C        D         E       F
            +---------+---------+-------+---------+---------+-------
      Total |       0 |    9390 | 100.0 |       0 |      76 | 100.0
            +---------+---------+-------+---------+---------+-------
          D |       0 |    9390 | 100.0 |       0 |      76 | 100.0
            +---------+---------+-------+---------+---------+-------
